 Dungeon Crawl Stone Soup version 0.31-a0-1057-g70f3316b05 (webtiles) character file.

Game seed: 14078167694217207608

21 Lusmu the Stinger (level 2, -4/17 HPs)
             Began as an Octopode Venom Mage on Nov 20, 2023.
             Slain by a goblin
             ... wielding a +0 club
             ... led by Robin
              (7 damage)
             ... on level 1 of the Dungeon.
             The game lasted 00:04:16 (1208 turns).

Lusmu the Stinger (Octopode Venom Mage)             Turns: 1208, Time: 00:04:16

Health: -4/17      AC:  1    Str:  7    XL:     2   Next: 83%
Magic:  0/5        EV: 13    Int: 17    God:
Gold:   76         SH:  0    Dex: 12    Spells: 4/5 levels left

rFire   . . .        h - +0 short sword
rCold   . . .        (no shield)
rNeg    . . .        (helmet restricted)
rPois   .            (no amulet)
rElec   .            (no ring)
rCorr   .            (no ring)
SInv    .            (no ring)
Will    .....        (no ring)
Stlth   +++          (no ring)
HPRegen 0.22/turn    (no ring)
MPRegen 0.09/turn    (no ring)
                     (no ring)

%: no passive effects
@: no status effects
A: almost no armour, amphibious, 8 rings, camouflage 1, gelatinous body 1,
(nimble swimmer 1), tentacles
a: no special abilities


You were on level 1 of the Dungeon.
You visited 1 branch of the dungeon, and saw 2 of its levels.

You collected 76 gold pieces.

Inventory:

Hand Weapons
 h - a +0 short sword (weapon)
Talismans
 i - a serpent talisman
Scrolls
 d - 2 scrolls of teleportation {unknown}
 e - a scroll of enchant armour {unknown}
 g - a scroll of immolation {unknown}
Potions
 a - a potion of magic
 b - a potion of attraction {unknown}
 c - a potion of curing {unknown}
 f - a potion of might {unknown}
 j - a potion of invisibility {unknown}


   Skills:
 - Level 2.0 Dodging
 + Level 3.2 Stealth
 + Level 2.2 Spellcasting
 + Level 1.4 Transmutations
 + Level 4.0 Poison Magic


You had 4 spell levels left.
You knew the following spells:

 Your Spells              Type           Power      Damage    Failure   Level
a - Sting                 Tmut/Pois      44%        1d5       6%          1

Your spell library contained the following spells:

 Spells                   Type           Power      Damage    Failure   Level
 Poisonous Vapours        Pois/Air       16%        N/A       13%         2
 Apportation              Tloc           2%         N/A       19%         1
 Necrotise                Necr           4%         1d4       19%         1
 Summon Small Mammal      Summ           4%         N/A       19%         1
 Mephitic Cloud           Conj/Pois/Air  6%         N/A       32%         3
 Olgreb's Toxic Radiance  Pois           15%        N/A       36%         4


Dungeon Overview and Level Annotations

Branches:
Dungeon (2/15)

Altars:

Annotations:
D:2 1 exclusion, Robin, Sigmund


Innate Abilities, Weirdness & Mutations

You cannot wear most types of armour.
You are amphibious.
You can wear up to eight rings at the same time.
Your skin changes colour to match your surroundings (Stealth+).
Your rubbery body absorbs attacks. (AC +1, EV +1)
((You are camouflaged when in or above water. (Stealth+)))
You have tentacles for arms and can constrict up to eight enemies at once.


Message History

Press: ? - help, Shift-Dir - straight line, f/p - Robin
Aim: Robin, wielding a +0 mace, wearing a +0 animal skin and wearing a +0 helmet (79% to hit)
The sting hits Robin but does no damage.
Robin is poisoned.
The goblin completely misses you.
Robin roars a battlecry!
The goblins go into a battle-frenzy!
You hear a shout!
You hear an angry hiss.
Casting: Sting (safe; 6% risk of failure)
Confirm with . or Enter, or press ? or * to list all spells.
Aiming: Sting (safe; 6% risk of failure)
Press: ? - help, Shift-Dir - straight line, f/p - Robin
Aim: Robin, wielding a +0 mace, wearing a +0 animal skin and wearing a +0 helmet (poisoned, 79% to hit)
The sting hits Robin.
Robin looks even sicker.
Robin is lightly wounded.
A goblin comes into view. It is wielding a +0 club.
The goblin closely misses you. Robin throws the goblin at you!
You barely miss the goblin.
The goblin shouts!
Your grab misses the goblin. The goblin hits you with a +0 club!
The goblin hits you with a +0 club. The goblin attacks as it pursues you!
The goblin hits you with a +0 club.
* * * LOW HITPOINT WARNING * * *
There is a stone staircase leading up here.
You climb upwards.
Your magical contamination has completely faded away.
There is a stone staircase leading down here.
Casting: Sting (safe; 6% risk of failure)
Confirm with . or Enter, or press ? or * to list all spells.
Aiming: Sting (safe; 6% risk of failure)
Press: ? - help, Shift-Dir - straight line, f - goblin
Aim: a goblin, wielding a +0 club (strong, 64% to hit)
The sting misses the goblin.
The goblin hits you with a +0 club.
* * * LOW HITPOINT WARNING * * *
Casting: Sting (safe; 6% risk of failure)
Confirm with . or Enter, or press ? or * to list all spells.
Aiming: Sting (safe; 6% risk of failure)
Press: ? - help, Shift-Dir - straight line, f/p - goblin
Aim: a goblin, wielding a +0 club (strong, 64% to hit)
The sting misses the goblin.
The goblin hits you with a +0 club!
You die...

#.......# #.......# ###########
#.......######## ..........###
#..............## #.####.##...##
#................
...##...###..####)......######..#
.⌠.##.⌠.# ##.#..........# #....##
...##...####.#######.######.##..#
#.####.###...#.g@....# #.......
#.####.###.⌠.#.###########..##.##
.............#..............##.#
.........##.##.###########..##.#
.............#.# #.###.#
#.####.###.⌠.#.# #.###.##
#.####.###...#.# #.#.....
...##...####.#.# #.#.....
.⌠.##.⌠.# ##.#.# #.....##


You could see a goblin (strong).

Vanquished Creatures
  An adder (D:2)
  3 ball pythons (D:1)
  An endoplasm (D:1)
  2 goblins (D:2)
  A kobold (D:1)
  A quokka (D:2)
  2 bats (D:2)
  A rat (D:2)
12 creatures vanquished.

Notes
Turn   | Place    | Note
-------+----------+-------------------------------------------
     0 | D:1      | Lusmu the Octopode Venom Mage began the quest for the Orb.
     0 | D:1      | Reached XP level 1. HP: 11/11 MP: 3/3
   892 | D:2      | Reached XP level 2. HP: 14/17 MP: 5/5
  1048 | D:2      | Noticed Sigmund
  1195 | D:2      | Reached skill level 4 in Poison Magic
  1198 | D:2      | Noticed Robin
  1208 | D:1      | Slain by a goblin

Illustrated notes

Levels and vault maps discovered:
D:1:      dpeg_arrival_chambers_temple_mockup, layout_loops_ring,
          kennysheep_small_spiral
D:2:      layout_loops_ring, uniq_robin, uniq_sigmund

Skill      XL: |  1  2 |
---------------+-------+-----
Stealth        | 3 |  3.2
Poison Magic   | 4 |  4.0
Dodging        | |  2.0
Spellcasting   | |  2.2
Transmutations | |  1.4

Action                     || total
---------------------------++-------
  Melee: Short sword       ||    18
         Unarmed           ||     6
         Constrict         ||     4
         Tentacles         ||     3
         Whip              ||     1
   Cast: Sting             ||     5
   Stab: Sleeping          ||     3
 Armour: Skin              ||    14
  Dodge: Dodged            ||    24

Table legend: (Time is in decaauts)
 A = Elapsed time spent in this place.
 B = Non-inter-level travel time spent in this place.
 C = Inter-level travel time spent in this place.
 D = Time resting spent in this place.
 E = Time spent auto-exploring this place.
 F = Levels seen in this place.
 G = Mean time per level.
                   A        B        C        D        E       F      G
               +--------+--------+--------+--------+--------+-----+--------+
         Total |   1207 |   1158 |     49 |     24 |    792 |   2 |  603.5 |
       Dungeon |   1207 |   1158 |     49 |     24 |    792 |   2 |  603.5 |
               +--------+--------+--------+--------+--------+-----+--------+

Top non-repeatable levels by time:
     D:1: 870 daAuts
     D:2: 336 daAuts
